 Dungeon Crawl Stone Soup version 0.23-a0-550-g7de1f8e (webtiles) character file.

124 zishaf the Insei (level 5, 0/26 HPs)
             Began as a Vine Stalker Transmuter on Dec 10, 2018.
             Succumbed to a worker ant's poison
             ... on level 2 of the Dungeon.
             The game lasted 00:04:14 (2323 turns).

zishaf the Insei (Vine Stalker Transmuter)          Turns: 2323, Time: 00:04:14

Health: 0/26       AC:  3    Str: 12    XL:     5   Next: 8%
Magic:  2/9        EV: 12    Int: 14    God:
Gold:   108        SH:  0    Dex: 15    Spells: 5/8 levels left

rFire    . . .     SeeInvis .     - Unarmed
rCold    . . .     Gourm    .   (no shield)
rNeg     . . .     Faith    .   k - +0 leather armour
rPois    .         Spirit   +   (no helmet)
rElec    .         Reflect  .   (no cloak)
rCorr    .         Harm     .   (no gloves)
MR       .....                  (no boots)
Stlth    +.........             (no amulet)
HPRegen  0.48/turn              i - ring of wizardry
MPRegen  0.11/turn              (no ring)

@: lethally poisoned (0 -> -2)
A: fangs 2, regeneration 1, magic shield, antimagic bite, no potion heal 3, rot
immunity
a: no special abilities


You were on level 2 of the Dungeon.
You were not hungry.

You visited 1 branch of the dungeon, and saw 3 of its levels.

You collected 108 gold pieces.

Inventory:

Missiles
 a - 12 arrows
 g - 3 javelins
 h - 72 stones
 o - 3 javelins of returning (quivered)
Armour
 b - a +0 robe
 k - a +0 leather armour (worn)
Jewellery
 i - a ring of wizardry (left hand)
Scrolls
 j - a scroll of remove curse {unknown}
 l - a scroll of fear {unknown}
 m - 3 scrolls of identify {unknown}
 n - 2 scrolls of amnesia {unknown}
Potions
 c - 3 potions of heal wounds {unknown}
 e - a potion of agility {unknown}
 p - a potion of invisibility {unknown}
Comestibles
 d - 3 rations
 f - 12 chunks of flesh


   Skills:
 + Level 1.9 Fighting
 + Level 2.3 Dodging
 + Level 3.6 Unarmed Combat
 - Level 2.1 Spellcasting
 * Level 3.5 Transmutations


You had 5 spell levels left.
You knew the following spells:

 Your Spells              Type           Power        Failure   Level  Hunger
a - Beastly Appendage     Tmut           ##....       2%          1    #......
b - Sticks to Snakes      Tmut           ##......     4%          2    ###....

Your spell library contained the following spells:

 Spells                   Type           Power        Failure   Level  Hunger
 Spider Form              Tmut/Pois      #.........   17%         3    ###....
 Ice Form                 Ice/Tmut       #.......     47%         4    #####..
 Blade Hands              Tmut           ##........   58%         5    ######.


Dungeon Overview and Level Annotations

Branches:
Dungeon (3/15)

Altars:


Innate Abilities, Weirdness & Mutations

You have extremely sharp teeth.
Your natural rate of healing is unusually fast.
When hurt, damage is shared between your health and your magic reserves.
Your bite disrupts and absorbs the magic of your enemies.
Potions cannot restore your health.
You are immune to rotting.


Message History

You feel sick. The worker ant bites you.
You hit the worker ant but do no damage.
You bite the worker ant, but do no damage.
The worker ant is lightly wounded.
The worker ant misses you. The worker ant bites you.
* * * LOW HITPOINT WARNING * * *
You are lethally poisoned!
The worker ant poisons you!
* * * LOW HITPOINT WARNING * * *
You feel sick.
* * * LOW HITPOINT WARNING * * *
You feel sick.
* * * LOW HITPOINT WARNING * * *
You feel sick.
* * * LOW HITPOINT WARNING * * *
You feel sick. The worker ant bites you.
* * * LOW HITPOINT WARNING * * *
* * * LOW HITPOINT WARNING * * *
You feel sick.
You die...

......##..# #.#
###.#.##..# #.# #
#.#.##..# ####.#
###.#.##..######....#
....................#
..#.#.##..######.##.#
..<.#.##..# #a##.#####
.##.#.##..# #.##.....#
..#.#.....######@##.#####
...................>#
#...#.##.#.##....##.#
......##.#.##....##.#
##..####.#.##....#..#
....####..).'.......#
.........#.##.......#
.....#####.######...#
...#.## #.######...#


You could see a worker ant.

Vanquished Creatures
  4 adders
  An ooze (D:1)
  3 worms (D:2)
  3 dart slugs
  5 orcs (D:3)
  A ball python (D:2)
  7 bats
  3 giant cockroaches
  8 goblins
  7 hobgoblins
  7 jackals
  A frilled lizard (D:1)
  4 kobolds
  7 rats
61 creatures vanquished.

Notes
Turn   | Place    | Note
-------+----------+-------------------------------------------
     0 | D:1      | zishaf the Vine Stalker Transmuter began the quest for the
                  | Orb.
     0 | D:1      | Reached XP level 1. HP: 9/9 MP: 4/4
    65 | D:1      | Reached skill level 1 in Fighting
   108 | D:1      | Reached XP level 2. HP: 11/14 MP: 6/6
   418 | D:1      | Learned a level 2 spell: Sticks to Snakes
   958 | D:1      | Reached XP level 3. HP: 17/18 MP: 5/7
  1637 | D:2      | Gained mutation: Your natural rate of healing is unusually
                  | fast. [Vine Stalker growth]
  1637 | D:2      | Reached XP level 4. HP: 9/22 MP: 8/8
  2192 | D:3      | Reached XP level 5. HP: 26/26 MP: 9/9
  2321 | D:2      | HP: 1/26 [worker ant (2)]
  2323 | D:2      | Succumbed to a worker ant's poison

Vault maps used:
D:1:      dpeg_arrival_subterranean_lakeside_camping

Skill      XL: |  1  2  3 |
---------------+----------+-----
Fighting       | 1 |  1.9
Dodging        | 2 |  2.3
Transmutations | 3 |  3.5
Unarmed Combat | |  3.6
Spellcasting   | |  2.1

Action                   |  1- 3 |  4- 6 || total
-------------------------+-------+-------++-------
Melee: Unarmed           |   142 |    62 ||   204
       Bite              |    35 |    18 ||    53
       Punch             |     2 |     1 ||     3
Throw: Javelin           |     3 |    22 ||    25
       Stone             |       |     2 ||     2
 Stab: Sleeping          |     1 |     1 ||     2
  Eat: Chunk             |     2 |     3 ||     5
Armor: Robe              |    13 |       ||    13
       Leather armour    |    27 |    14 ||    41
Dodge: Dodged            |   107 |    39 ||   146

Table legend:
 A = Non-vault XP
 B = Vault XP
 C = Vault XP percentage of total XP
 D = Non-vault monster count
 E = Vault monster count
 F = Vault count percentage of total count
                 A         B        C        D         E       F
            +---------+---------+-------+---------+---------+-------
      Total |     168 |      10 |   5.6 |      55 |       6 |   9.8
            +---------+---------+-------+---------+---------+-------
        D:1 |      37 |      10 |  21.3 |      16 |       6 |  27.3
        D:2 |      82 |       0 |   0.0 |      27 |       0 |   0.0
        D:3 |      49 |       0 |   0.0 |      12 |       0 |   0.0
            +---------+---------+-------+---------+---------+-------
